 Dungeon Crawl Stone Soup version 0.29.0-11-gd7f09526c8 (webtiles) character file.

Game seed: 6089644614444761269

110 gelatine the Poker (level 4, 0/34 HPs)
             Began as a Demonspawn Wanderer on Sept 3, 2022.
             Slain by Sigmund
             ... wielding a +2 scythe of venom
              (9 damage)
             ... on level 2 of the Dungeon.
             The game lasted 00:07:00 (2264 turns).

gelatine the Poker (Demonspawn Wanderer)            Turns: 2264, Time: 00:07:00

Health: 0/34       AC:  4    Str: 14    XL:     4   Next: 61%
Magic:  5/5        EV: 12    Int: 13    God:
Gold:   37         SH:  0    Dex: 19    Spells: 5/5 levels left

rFire   . . .      SeeInvis .   a - +1 trident
rCold   . . .      Faith    .   (no shield)
rNeg    . . .      Spirit   .   d - +2 animal skin
rPois   .          Reflect  .   (helmet restricted)
rElec   .          Harm     .   (no cloak)
rCorr   .          Rampage  .   (no gloves)
Will    .....                   (no boots)
Stlth   +.........              (no amulet)
HPRegen 0.11/turn               e - +6 ring of dexterity
MPRegen 0.09/turn               (no ring)

@: confused, lethally poisoned (0 -> -9)
A: antennae 1, demonic magic 1
a: no special abilities


You were on level 2 of the Dungeon.
You visited 1 branch of the dungeon, and saw 2 of its levels.

You collected 37 gold pieces.

Inventory:

Hand Weapons
 a - a +1 trident (weapon)
Armour
 d - a +2 animal skin (worn)
Jewellery
 e - a +6 ring of dexterity (left hand)
Scrolls
 b - a scroll of silence
 g - 3 scrolls of teleportation
 m - 2 scrolls of blinking
 n - a scroll of vulnerability {unknown}
 o - a scroll of enchant armour {unknown}
Potions
 c - a potion of berserk rage
 h - a potion of curing {unknown}
 j - a potion of invisibility {unknown}
 l - a potion of might {unknown}


   Skills:
 * Level 2.5 Fighting
 + Level 3.5 Polearms
 + Level 2.7 Armour
 * Level 1.2 Dodging
 + Level 1.8 Stealth
 + Level 1.0 Spellcasting
 + Level 1.2 Invocations


You had 5 spell levels left.
You didn't know any spells.
Your spell library contained the following spells:

 Spells                   Type           Power      Damage    Failure   Level
 Portal Projectile        Hex/Tloc       0%         N/A       63%         3
 Tukima's Dance           Hex            0%         N/A       63%         3
 Blade Hands              Tmut           0%         N/A       100%        5
 Fireball                 Conj/Fire      0%         3d3       100%        5
 Iskenderun's Battlesphe  Conj           0%         2d6       100%        5
 Conjure Ball Lightning   Conj/Air       0%         3x3d6     100%        6
 Orb of Destruction       Conj           0%         9d5       100%        7


Dungeon Overview and Level Annotations

Branches:
Dungeon (2/15)

Altars:

Shops:
D:2 [(

Annotations:
D:2 Sigmund


Innate Abilities, Weirdness & Mutations

You have a pair of small antennae on your head.
Spells you cast may paralyse adjacent enemies.


Message History

A puff of flame appears from out of thin air!
The puff of flame hits you.
A magic dart appears from out of thin air!
The magic dart hits you.
* * * LOW HITPOINT WARNING * * *
A magic dart appears from out of thin air!
The magic dart hits you.
* * * LOW HITPOINT WARNING * * *
There is a stone staircase leading up here.
You climb upwards.
Reactivating autopickup.
There is a stone staircase leading down here.
You start resting.
HP restored.
You climb downwards.
Level annotation: Sigmund
There is a stone staircase leading up here.
Sigmund casts a spell.
Sigmund flickers and vanishes!
Deactivating autopickup; reactivate with Ctrl-A.
Something barely misses you.
You hit something. You barely miss something. Something hits you.
You are poisoned.
You hit something but do no damage.
You feel very sick. Something hits you but does no damage.
You are more poisoned.
You closely miss something.
You feel very sick.
You hear some strange, mumbled words.
You are confused.
You bump into the rock wall.
You feel very sick. Something hits you!
You hit something.
* * * LOW HITPOINT WARNING * * *
You feel very sick. Something hits you!
You die...

.###.....###.....#.#.##..#######.
## ##.....######.#...###.. ..# ##
# #8....8# #.#...# ### #.# #
####...## #.#...# #.#
#.......#####.#...# #.#
#.....#.......#...# #.#
###.#.###.....#...# #.#
#.#...+....{#...# #.#
######.#####....@#...#######.##
....##.#.....###..............#
....##.#.###.###...####.......#
....##.#.#.....#......#.#####.#
.....#.#.#...#.#.####.#.#.....###
..#....#..####...#.<#.#.#.8.∩.<.8
..##......# #......#.#.#.#######
.(........## #..##..#.#.#.#######
###....#...###..##..#.#.#........


There were no monsters in sight!

Vanquished Creatures
  Robin (D:2)
  4 adders (D:2)
  A worm (D:2)
  2 dart slugs (D:1)
  2 endoplasms
  3 giant cockroaches (D:1)
  10 goblins
  4 hobgoblins
  3 jackals (D:2)
  2 kobolds
  3 quokkas
  7 ball pythons
  5 bats
  A frilled lizard (D:2)
  6 rats
54 creatures vanquished.

Notes
Turn   | Place    | Note
-------+----------+-------------------------------------------
     0 | D:1      | gelatine the Demonspawn Wanderer began the quest for the
                  | Orb.
     0 | D:1      | gelatine set off with the following items: a +1 trident, a
                  | +0 ring mail, a potion of berserk rage.
     0 | D:1      | Reached XP level 1. HP: 16/16 MP: 2/2
    99 | D:1      | Gained mutation: Spells you cast may paralyse adjacent
                  | enemies. [demonic ancestry]
    99 | D:1      | Reached XP level 2. HP: 13/22 MP: 3/3
   270 | D:1      | Reached skill level 3 in Polearms
   700 | D:1      | Gained mutation: You have a pair of small antennae on your
                  | head. [demonic ancestry]
   700 | D:1      | Reached XP level 3. HP: 27/27 MP: 4/4
   986 | D:2      | Found Wineh's Antique Armour Emporium.
  1289 | D:2      | Found Teamot's Antique Weapon Shoppe.
  1398 | D:2      | Noticed Robin
  1404 | D:2      | Reached XP level 4. HP: 26/33 MP: 5/5
  1412 | D:2      | Killed Robin
  1413 | D:2      | Reached skill level 1 in Dodging
  1968 | D:2      | Noticed Sigmund
  2264 | D:2      | Slain by Sigmund

Illustrated notes

Levels and vault maps discovered:
D:1:      nicolae_arrival_washed_ashore, layout_basic, minmay_worlds_worst_comb
D:2:      layout_basic, serial_shops, shop_statue,
          nicolae_shop_overgrown_old_shop, serial_corexii_hall,
          chequers_hall_statues_y, corexii_hall_statues_x, uniq_sigmund,
          uniq_robin

Skill      XL: |  1  2  3  4 |
---------------+-------------+-----
Armour         | 2 |  2.7
Polearms       | 3 |  3.5
Dodging        | 1 |  1.2
Fighting       | |  2.5
Stealth        | |  1.8
Spellcasting   | |  1.0
Invocations    | |  1.2

Action                   |  1- 3 |  4- 6 || total
-------------------------+-------+-------++-------
Melee: Trident           |    80 |    61 ||   141
       Punch             |     1 |       ||     1
  Use: Scroll            |     3 |     1 ||     4
 Stab: Sleeping          |     5 |       ||     5
       Distracted        |       |     1 ||     1
Armor: Ring mail         |    25 |     1 ||    26
       Animal skin       |       |    11 ||    11
Dodge: Dodged            |    36 |    28 ||    64
